 Dungeon Crawl Stone Soup version 0.28-a0-1506-g3893175d92 (webtiles) character file.

Game seed: 10676755880995081947

92 HallandMoats the Skirmisher (level 4, -1/40 HPs)
             Began as a Ghoul Fighter on Jan 14, 2022.
             Was a Believer of Kikubaaqudgha.
             Killed from afar by an orc wizard (6 damage)
             ... with a puff of flame
             ... on level 4 of the Dungeon.
             The game lasted 00:02:55 (2897 turns).

HallandMoats the Skirmisher (Ghoul Fighter)         Turns: 2897, Time: 00:02:56

Health: -1/40      AC:  7    Str: 19    XL:     4   Next: 60%
Magic:  3/3        EV:  9    Int:  5    God:    Kikubaaqudgha [**....]
Gold:   172        SH:  4    Dex:  8    Spells: 3/3 levels left

rFire   . . .      SeeInvis .   a - +0 flail
rCold   + . .      Faith    .   c - +0 buckler
rNeg    + + +      Spirit   .   b - +0 scale mail
rPois   ∞          Reflect  .   (no helmet)
rElec   .          Harm     .   l - +0 cloak
rCorr   .          Rampage  .   (no gloves)
Will    .....                   (no boots)
Stlth   ..........              (no amulet)
HPRegen 0.00/turn               (no ring)
MPRegen 0.08/turn               (no ring)

@: mighty, inhibited regen
A: claws 1, cold resistance 1, negative energy resistance 3, inhibited
regeneration, torment resistance 2
a: Renounce Religion, Receive Corpses


You were on level 4 of the Dungeon.
You worshipped Kikubaaqudgha.
Kikubaaqudgha was pleased with you.
You visited 1 branch of the dungeon, and saw 4 of its levels.

You collected 172 gold pieces.

Inventory:

Hand Weapons
 a - a +0 flail (weapon)
Armour
 b - a +0 scale mail (worn)
 c - a +0 buckler (worn)
 l - a +0 cloak (worn)
Jewellery
 p - an amulet of faith
Scrolls
 e - 3 scrolls of teleportation {unknown}
 f - a scroll of identify {unknown}
 g - a scroll of fog {unknown}
 k - a scroll of acquirement {unknown}
Potions
 h - 3 potions of attraction {unknown}
 i - a potion of resistance {unknown}
 j - a potion of magic {unknown}
 m - 2 potions of curing {unknown}
 n - 2 potions of degeneration {unknown}
 o - 2 potions of mutation {unknown}


   Skills:
 * Level 4.0 Fighting
 * Level 2.6 Maces & Flails
 + Level 3.0 Armour
 + Level 0.8 Dodging
 * Level 3.3 Shields


You had 3 spell levels left.
You didn't know any spells.
Your spell library contained the following spells:

 Spells                   Type           Power      Damage    Failure   Level
 Animate Skeleton         Necr           0%         N/A       91%         1
 Foxfire                  Conj/Fire      0%         2x1d4     91%         1
 Pain                     Necr           0%         1d4       91%         1
 Corpse Rot               Necr/Air       0%         N/A       97%         2
 Conjure Flame            Conj/Fire      0%         6-21      99%         3
 Inner Flame              Hex/Fire       0%         N/A       99%         3
 Vampiric Draining        Necr           0%         2d6       99%         3
 Flame Wave               Conj/Fire      0%         2d4       100%        4
 Fulminant Prism          Conj/Hex       0%         3d6       100%        4
 Iskenderun's Mystic Bla  Conj/Tloc      0%         2d3       100%        4
 Lee's Rapid Deconstruct  Erth           0%         3d5*      100%        5


Dungeon Overview and Level Annotations

Branches:
Dungeon (4/15)
 Temple: D:4-7

Altars:
Kikubaaqudgha

Shops:
D:3 !


Innate Abilities, Weirdness & Mutations

You thrive by killing the living.
You are immune to poison.
You have sharp fingernails.
Your flesh is cold resistant. (rC+)
You are immune to negative energy. (rN+++)
You do not regenerate when monsters are visible.
You are immune to unholy pain and torment.


Message History

You closely miss the orc wizard.
The orc wizard is almost dead.
The orc hits you but does no damage.
The orc wizard casts a spell.
The orc wizard flickers and vanishes!
Deactivating autopickup; reactivate with Ctrl-A.
You block the ogre's attack. The orc hits you but does no damage.
The orc hits you with a +0 short sword.
You sock the ogre!
The ogre is heavily wounded.
The orc hits you but does no damage. The orc barely misses you.
You hear some strange, mumbled words.
A magic dart appears from out of thin air!
The magic dart hits you! The orc hits you but does no damage.
The ogre hits you with a +0 giant club! The orc hits you but does no damage.
The orc closely misses you.
You hear some strange, mumbled words.
A magic dart appears from out of thin air!
The magic dart hits you.
* * * LOW HITPOINT WARNING * * *
The orc hits you but does no damage.
You hit the ogre but do no damage.
The ogre is heavily wounded.
You block the ogre's attack. The orc hits you with a +0 flail.
* * * LOW HITPOINT WARNING * * *
The orc hits you but does no damage.
You hear some strange, mumbled words.
A magic dart appears from out of thin air!
The magic dart hits you.
* * * LOW HITPOINT WARNING * * *
You block the orc's attack.
You barely miss the ogre.
The ogre is heavily wounded.
The ogre barely misses you. The orc barely misses you.
The orc hits you but does no damage.
You hear some strange, mumbled words.
A puff of flame appears from out of thin air!
The puff of flame hits you.
You die...
Kikubaaqudgha rasps: "You have failed me!
Welcome... oblivion!"

### .. ....
#### #...
...#..##.....
#..ooo5....
#@# #.oO{#
#....##
..$.#..
.....###.
..... .. #...
.. #... ##.


You could see an ogre, 4 orcs and an ufetubus.

Vanquished Creatures
  3 worms
  A dart slug (D:3)
  An orc (D:3)
  5 endoplasms
  2 giant cockroaches (D:1)
  8 goblins
  9 hobgoblins
  8 jackals
  8 kobolds
  2 quokkas (D:1)
  7 ball pythons
  2 bats (D:2)
  4 frilled lizards
  13 rats
73 creatures vanquished.

Notes
Turn   | Place    | Note
-------+----------+-------------------------------------------
     0 | D:1      | HallandMoats the Ghoul Fighter began the quest for the Orb.
     0 | D:1      | Reached XP level 1. HP: 19/19 MP: 0/0
   210 | D:1      | Reached XP level 2. HP: 26/26 MP: 1/1
   528 | D:1      | Reached XP level 3. HP: 15/31 MP: 2/2
  1695 | D:2      | Found a faded altar of an unknown god.
  1716 | D:2      | Prayed at the altar of an unknown god.
  1716 | D:2      | Became a worshipper of Kikubaaqudgha
  1716 | D:2      | Reached * piety under Kikubaaqudgha
  1716 | D:2      | Received a gift from Kikubaaqudgha
  1764 | D:2      | Reached XP level 4. HP: 37/40 MP: 3/3
  2391 | D:3      | Reached skill level 4 in Fighting
  2678 | D:3      | Reached ** piety under Kikubaaqudgha
  2739 | D:3      | Found Hosoloxa's Distillery.
  2890 | D:4      | Noticed an ogre
  2897 | D:4      | Killed from afar by an orc wizard

Illustrated notes

Levels and vault maps discovered:
D:1:      dpeg_arrival_ratfight, layout_basic
D:2:      layout_loops_ring, chequers_ecumenical_altar_island,
          chequers_serial_rivers_micro_a, minmay_tetromino_o2
D:3:      layout_loops_ring, serial_shops,
          nicolae_shop_competitors_out_of_business
D:4:      layout_cave_pools, uniq_crazy_yiuf_cottage, uniq_robin, uniq_pikel,
          uniq_duvessa, uniq_menkaure

Skill      XL: |  1  2  3  4 |
---------------+-------------+-----
Maces & Flails | 2 |  2.6
Shields        | 3 |  3.3
Fighting       | 4 |  4.0
Armour         | 3 |  3.0
Dodging        | |  0.8

Action                   |  1- 3 |  4- 6 || total
-------------------------+-------+-------++-------
Melee: Flail             |   171 |    72 ||   243
  Use: Potion            |       |     1 ||     1
Armor: Scale mail        |    81 |    42 ||   123
Dodge: Dodged            |    90 |    36 ||   126
Block: Buckler           |    46 |    11 ||    57

Table legend: (Time is in decaauts)
 A = Elapsed time spent in this place.
 B = Non-inter-level travel time spent in this place.
 C = Inter-level travel time spent in this place.
 D = Time resting spent in this place.
 E = Time spent auto-exploring this place.
 F = Levels seen in this place.
 G = Mean time per level.
                   A        B        C        D        E       F      G
               +--------+--------+--------+--------+--------+-----+--------+
         Total |   2987 |   2921 |     66 |      0 |   2352 |   4 |  746.8 |
       Dungeon |   2987 |   2921 |     66 |      0 |   2352 |   4 |  746.8 |
               +--------+--------+--------+--------+--------+-----+--------+

Top non-repeatable levels by time:
     D:1: 1342 daAuts
     D:2: 938 daAuts
     D:3: 697 daAuts
     D:4: 8 daAuts
